TOP OF THE 1ST |
Key West Barracudas batting - Pitching for Montgomery Biscuits : RHP César Morín
|
Pitching: RHP César Morín
|
|
Batting: SHB Rodney Birling
|
0-0: Ball 1-0: Ground out 4-3 (Groundball, 4)
|
Batting: SHB Patrick Larson
|
0-0: Swinging Strike 0-1: Ball 1-1: SINGLE (Flyball, 6MD)
|
Batting: SHB Víctor Serrano
|
0-0: Called Strike 0-1: Ball 1-1: Ball 2-1: Called Strike 2-2: Strikes out swinging
|
Batting: RHB Carlos Miranda
|
0-0: Called Strike Patrick Larson is caught stealing 2nd base
|
Top of the 1st over - 0 run(s), 1 hit(s), 0 error(s), 0 left on base; Key West 0 - Montgomery 0 |
BOTTOM OF THE 1ST |
Montgomery Biscuits batting - Pitching for Key West Barracudas : LHP Francisco Morales
|
Pitching: LHP Francisco Morales
|
|
Batting: RHB Gabriel Miranda
|
0-0: Ball 1-0: Ball 2-0: Called Strike 2-1: Ball 3-1: Base on Balls
|
Batting: RHB Orlando Sánchez
|
0-0: Called Strike Single, Error in OF, E9, batter to second base Gabriel Miranda to third
|
Batting: LHB Ben Kelley
|
0-0: SINGLE (Line Drive, 8LS) Gabriel Miranda scores Orlando Sánchez to third
|
Batting: LHB José Flores
|
0-0: Called Strike 0-1: Swinging Strike 0-2: Ball 1-2: Ball 2-2: DOUBLE (Flyball, 89D) Orlando Sánchez scores Ben Kelley to third
|
Batting: RHB Jean-Paul St-Pierre
|
0-0: Ball Wild Pitch! Ben Kelley scores José Flores to third 1-0: Ball 2-0: Ball 3-0: Called Strike 3-1: Called Strike 3-2: Base on Balls
|
Batting: RHB Dave Dawson
|
0-0: Ball 1-0: Swinging Strike 1-1: Ball 2-1: Swinging Strike 2-2: Ball 3-2: Foul Ball, location: 2F 3-2: SINGLE (Line Drive, 78S) José Flores scores Jean-Paul St-Pierre to second Runner from 2nd tries for 3rd, SAFE, throw made to third
|
Batting: LHB António De Los Ángeles
|
0-0: Called Strike 0-1: Called Strike 0-2: Foul Ball, location: 2F 0-2: SINGLE (Flyball, 7S) Jean-Paul St-Pierre scores Dave Dawson to second
|
Batting: RHB Juan Flores
|
0-0: Ball 1-0: Swinging Strike 1-1: Swinging Strike 1-2: Ball 2-2: Ball 3-2: Base on Balls Dave Dawson to third António De Los Ángeles to second
|
Batting: SHB Andrew Curran
|
0-0: Called Strike 0-1: Grounds into double play, 4-6-3 (Groundball, 4) Dave Dawson scores António De Los Ángeles to third
|
Batting: RHB Gabriel Miranda
|
0-0: Foul Ball, location: 2F 0-1: Fly out, F8 (Flyball, 8LS)
|
Bottom of the 1st over - 6 run(s), 5 hit(s), 1 error(s), 1 left on base; Key West 0 - Montgomery 6 |
TOP OF THE 2ND |
Key West Barracudas batting - Pitching for Montgomery Biscuits : RHP César Morín
|
Batting: RHB Carlos Miranda
|
0-0: Ball 1-0: Swinging Strike 1-1: Swinging Strike 1-2: Ball 2-2: Ball 3-2: Fly out, F4 (Line Drive, 4M)
|
Batting: RHB Dan Craft
|
0-0: Ground out 1-3 (Groundball, 23)
|
Batting: LHB Jake Wells
|
0-0: Ball 1-0: Foul Ball, location: 2F 1-1: Ground out 4-3 (Groundball, 4)
|
Top of the 2nd over - 0 run(s), 0 hit(s), 0 error(s), 0 left on base; Key West 0 - Montgomery 6 |
BOTTOM OF THE 2ND |
Montgomery Biscuits batting - Pitching for Key West Barracudas : LHP Francisco Morales
|
Batting: RHB Orlando Sánchez
|
0-0: Foul Ball, location: 2F 0-1: Ball 1-1: Foul Ball, location: 2F 1-2: Strikes out swinging
|
Batting: LHB Ben Kelley
|
0-0: Ball 1-0: Swinging Strike 1-1: Swinging Strike 1-2: Strikes out swinging
|
Batting: LHB José Flores
|
0-0: Called Strike 0-1: Called Strike 0-2: Ground out 4-3 (Groundball, 34D)
|
Bottom of the 2nd over - 0 run(s), 0 hit(s), 0 error(s), 0 left on base; Key West 0 - Montgomery 6 |
TOP OF THE 3RD |
Key West Barracudas batting - Pitching for Montgomery Biscuits : RHP César Morín
|
Batting: RHB Kenny Cole
|
0-0: Ball 1-0: Called Strike 1-1: Swinging Strike 1-2: Ball 2-2: Foul Ball, location: 2F 2-2: Strikes out swinging
|
Batting: RHB Alfredo Pineda
|
0-0: Ball 1-0: Foul Ball, location: 2F 1-1: Ground out 4-3 (Groundball, 34)
|
Batting: RHB Zander Tremblett
|
0-0: Called Strike 0-1: Ball 1-1: Swinging Strike 1-2: Ball 2-2: Ball 3-2: Foul Ball, location: 2F 3-2: Strikes out swinging
|
Top of the 3rd over - 0 run(s), 0 hit(s), 0 error(s), 0 left on base; Key West 0 - Montgomery 6 |
BOTTOM OF THE 3RD |
Montgomery Biscuits batting - Pitching for Key West Barracudas : LHP Francisco Morales
|
Batting: RHB Jean-Paul St-Pierre
|
0-0: Ball 1-0: Ball 2-0: Ball 3-0: Called Strike 3-1: Ground out 6-3 (Groundball, 56D)
|
Batting: RHB Dave Dawson
|
0-0: Ball 1-0: Ball 2-0: DOUBLE (Groundball, 5L)
|
Batting: LHB António De Los Ángeles
|
0-0: SINGLE (Line Drive, 89S) Dave Dawson to third Runner from 3rd tries for Home, SAFE, no throw or cutoff
|
Batting: RHB Juan Flores
|
0-0: Ball Pickoff Throw to First - Error! E1 António De Los Ángeles to second 1-0: Ball 2-0: Called Strike 2-1: Ball 3-1: Fly out, F9 (Flyball, 9S)
|
Batting: SHB Andrew Curran
|
0-0: Ball 1-0: Fly out, F5 (Popup, 5F)
|
Bottom of the 3rd over - 1 run(s), 2 hit(s), 1 error(s), 1 left on base; Key West 0 - Montgomery 7 |
TOP OF THE 4TH |
Key West Barracudas batting - Pitching for Montgomery Biscuits : RHP César Morín
|
Batting: SHB Rodney Birling
|
0-0: Ball 1-0: Foul Ball, location: 2F 1-1: Foul Ball, location: 2F 1-2: Ball 2-2: SINGLE (Groundball, 4MD)
|
Batting: SHB Patrick Larson
|
0-0: Ball 1-0: Called Strike 1-1: Ball 2-1: Ball 3-1: Base on Balls Rodney Birling to second
|
Batting: SHB Víctor Serrano
|
0-0: Ball 1-0: Ball 2-0: Called Strike 2-1: Ball 3-1: Grounds into double play, 1-6-3 (Groundball, 15S) Rodney Birling to third
|
Batting: RHB Carlos Miranda
|
0-0: Foul Ball, location: 2F 0-1: Ball 1-1: Called Strike 1-2: Ball 2-2: Fly out, F6 (Line Drive, 6MD)
|
Top of the 4th over - 0 run(s), 1 hit(s), 0 error(s), 1 left on base; Key West 0 - Montgomery 7 |
BOTTOM OF THE 4TH |
Montgomery Biscuits batting - Pitching for Key West Barracudas : LHP Francisco Morales
|
Pitching: LHP Anastasio Flores
|
|
Batting: RHB Gabriel Miranda
|
0-0: Ball 1-0: Ball 2-0: Foul Ball, location: 2F 2-1: DOUBLE (Line Drive, 9LM)
|
Batting: RHB Orlando Sánchez
|
0-0: Ball 1-0: Foul Ball, location: 2F 1-1: Ball 2-1: Swinging Strike 2-2: Fly out, F4 (Popup, 3D)
|
Batting: LHB Ben Kelley
|
0-0: Called Strike 0-1: Fly out, F5 (Line Drive, 56S)
|
Batting: LHB José Flores
|
0-0: Ball 1-0: SINGLE (Line Drive, 8RS) Gabriel Miranda to third
|
Batting: RHB Jean-Paul St-Pierre
|
0-0: Fielders Choice at 2nd, U4 (Groundball, 4M)
|
Bottom of the 4th over - 0 run(s), 2 hit(s), 0 error(s), 2 left on base; Key West 0 - Montgomery 7 |
TOP OF THE 5TH |
Key West Barracudas batting - Pitching for Montgomery Biscuits : RHP César Morín
|
Batting: RHB Dan Craft
|
0-0: Called Strike 0-1: Swinging Strike 0-2: Ball 1-2: Strikes out looking
|
Batting: LHB Jake Wells
|
0-0: Fly out, F8 (Line Drive, 8LM)
|
Batting: RHB Kenny Cole
|
0-0: Ball 1-0: Ball 2-0: Swinging Strike 2-1: Ball 3-1: Foul Ball, location: 2F 3-2: Strikes out swinging
|
Top of the 5th over - 0 run(s), 0 hit(s), 0 error(s), 0 left on base; Key West 0 - Montgomery 7 |
BOTTOM OF THE 5TH |
Montgomery Biscuits batting - Pitching for Key West Barracudas : LHP Anastasio Flores
|
Batting: RHB Dave Dawson
|
0-0: Ball 1-0: Ball 2-0: Ball 3-0: Called Strike 3-1: SINGLE (Line Drive, 7S)
|
Batting: LHB António De Los Ángeles
|
0-0: Ball 1-0: Ball 2-0: Foul Ball, location: 2F 2-1: Ball 3-1: Foul Ball, location: 2F 3-2: Strikes out looking
|
Batting: RHB Juan Flores
|
0-0: Ball 1-0: Called Strike 1-1: Ball 2-1: Foul Ball, location: 2F 2-2: Strikes out looking
|
Batting: SHB Andrew Curran
|
0-0: Called Strike 0-1: Ball 1-1: Ground out 1-3 (Groundball, 13S)
|
Bottom of the 5th over - 0 run(s), 1 hit(s), 0 error(s), 1 left on base; Key West 0 - Montgomery 7 |
TOP OF THE 6TH |
Key West Barracudas batting - Pitching for Montgomery Biscuits : RHP César Morín
|
Batting: RHB Alfredo Pineda
|
0-0: Fly out, F9 (Flyball, 9M)
|
Batting: RHB Zander Tremblett
|
0-0: Ball 1-0: Ball 2-0: Swinging Strike 2-1: Swinging Strike 2-2: Strikes out swinging
|
Batting: SHB Rodney Birling
|
0-0: Ball 1-0: Ball 2-0: Swinging Strike 2-1: Foul Ball, location: 2F 2-2: Strikes out swinging
|
Top of the 6th over - 0 run(s), 0 hit(s), 0 error(s), 0 left on base; Key West 0 - Montgomery 7 |
BOTTOM OF THE 6TH |
Montgomery Biscuits batting - Pitching for Key West Barracudas : LHP Anastasio Flores
|
Batting: RHB Gabriel Miranda
|
0-0: Ball 1-0: Called Strike 1-1: Foul Ball, location: 2F 1-2: Ground out 5-3 (Groundball, 5)
|
Batting: RHB Orlando Sánchez
|
0-0: Ball 1-0: Called Strike 1-1: Ball 2-1: DOUBLE (Line Drive, 3D)
|
Batting: LHB Ben Kelley
|
0-0: Ball Passed Ball! Orlando Sánchez to third 1-0: Ball 2-0: Ball 3-0: Called Strike 3-1: SINGLE (Line Drive, 78S) Orlando Sánchez scores
|
Batting: LHB José Flores
|
0-0: Called Strike 0-1: Ball 1-1: Swinging Strike 1-2: Foul Ball, location: 2F 1-2: Fly out, F9 (Flyball, 9LD)
|
Batting: RHB Jean-Paul St-Pierre
|
0-0: Ball 1-0: 2-RUN HOME RUN (Flyball, 78XD), Distance : 402 ft
|
Pitching: RHP Jim McClure
|
|
Batting: RHB Dave Dawson
|
0-0: Fly out, F2 (Popup, 2LF)
|
Bottom of the 6th over - 3 run(s), 3 hit(s), 0 error(s), 0 left on base; Key West 0 - Montgomery 10 |
TOP OF THE 7TH |
Key West Barracudas batting - Pitching for Montgomery Biscuits : RHP César Morín
|
Batting: SHB Patrick Larson
|
0-0: Foul Ball, location: 2F 0-1: Ball 1-1: Called Strike 1-2: Ball 2-2: Ball 3-2: Foul Ball, location: 2F 3-2: Ground out 6-3 (Groundball, 6)
|
Batting: SHB Víctor Serrano
|
0-0: Called Strike 0-1: Ball 1-1: Fly out, F9 (Flyball, 9LMF)
|
Batting: RHB Carlos Miranda
|
0-0: Ball 1-0: SINGLE (Groundball, 34S)
|
Pitching: RHP Daniel Rousseau
|
|
Batting: RHB Dan Craft
|
0-0: Called Strike 0-1: Ball 1-1: Foul Ball, location: 2F 1-2: Fielders Choice at 2nd, U6 (Groundball, 6M)
|
Top of the 7th over - 0 run(s), 1 hit(s), 0 error(s), 1 left on base; Key West 0 - Montgomery 10 |
BOTTOM OF THE 7TH |
Montgomery Biscuits batting - Pitching for Key West Barracudas : RHP Jim McClure
|
Batting: LHB António De Los Ángeles
|
0-0: Ball 1-0: Swinging Strike 1-1: Ball 2-1: SINGLE (Groundball, 34D)
|
Batting: RHB Juan Flores
|
0-0: Bunted foul 0-1: Ball 1-1: Bunted foul 1-2: Ball 2-2: Fly out, F4 (Line Drive, 4M)
|
Batting: SHB Andrew Curran
|
0-0: Ball 1-0: Swinging Strike 1-1: Ball 2-1: Foul Ball, location: 2F 2-2: Ball 3-2: Strikes out swinging
|
Batting: RHB Gabriel Miranda
|
0-0: Foul Ball, location: 2F 0-1: Ground out 1-3 (Groundball, 2R)
|
Bottom of the 7th over - 0 run(s), 1 hit(s), 0 error(s), 1 left on base; Key West 0 - Montgomery 10 |
TOP OF THE 8TH |
Key West Barracudas batting - Pitching for Montgomery Biscuits : RHP Daniel Rousseau
|
Batting: LHB Jake Wells
|
0-0: Ball 1-0: Fly out, F8 (Flyball, 78M)
|
Batting: RHB Kenny Cole
|
0-0: Fly out, F3 (Popup, 13S)
|
Pinch Hitting: LHB Arturo López
|
0-0: Ball 1-0: Called Strike 1-1: Foul Ball, location: 2F 1-2: Strikes out looking
|
Top of the 8th over - 0 run(s), 0 hit(s), 0 error(s), 0 left on base; Key West 0 - Montgomery 10 |
BOTTOM OF THE 8TH |
Montgomery Biscuits batting - Pitching for Key West Barracudas : RHP Jim McClure
|
Now at 3B: Ramiro Gámez
|
|
Batting: RHB Orlando Sánchez
|
0-0: Called Strike 0-1: Swinging Strike 0-2: Foul Ball, location: 2F 0-2: Foul Ball, location: 2F 0-2: Strikes out looking
|
Batting: LHB Ben Kelley
|
0-0: Ball 1-0: Ball 2-0: SINGLE (Groundball, 34D)
|
Batting: LHB José Flores
|
0-0: Grounds into double play, 3-6-3 (Groundball, 3)
|
Bottom of the 8th over - 0 run(s), 1 hit(s), 0 error(s), 0 left on base; Key West 0 - Montgomery 10 |
TOP OF THE 9TH |
Key West Barracudas batting - Pitching for Montgomery Biscuits : RHP Daniel Rousseau
|
Now at SS: Dave Williams
|
|
Batting: RHB Zander Tremblett
|
0-0: Foul Ball, location: 2F 0-1: Ball 1-1: Called Strike 1-2: Strikes out swinging
|
Batting: SHB Rodney Birling
|
0-0: Called Strike 0-1: Ball 1-1: Ball 2-1: Called Strike 2-2: Ball 3-2: Base on Balls
|
Batting: SHB Patrick Larson
|
0-0: SINGLE (Line Drive, 7S) Rodney Birling to second
|
Batting: SHB Víctor Serrano
|
0-0: DOUBLE (Line Drive, 3L) Rodney Birling scores Patrick Larson to third
|
Batting: RHB Carlos Miranda
|
0-0: Called Strike 0-1: Ball 1-1: Ball 2-1: Foul Ball, location: 2F 2-2: Foul Ball, location: 2F 2-2: Strikes out swinging
|
Batting: RHB Dan Craft
|
0-0: Swinging Strike 0-1: Foul Ball, location: 2F 0-2: Fly out, F8 (Flyball, 8RS)
|
Top of the 9th over - 1 run(s), 2 hit(s), 0 error(s), 2 left on base; Key West 1 - Montgomery 10 |
|